Khor, lawful female human Knight ---------------- ----------- |...........<..+ |.........-## ----- |..............| |.........| # -------------- #%%..| -.-------------- |.........| ####...).........| #|.\o| ######## ----.------ ##|............| ##|.@%| # `####### ##.............| ##----- ### # # #|............-####### # ### ### #---.---------- # ---|-- # # # # |.....################ ##### |..>.| # # |....| ## ### # |....| --+------------ # # |....-########-............[.###%# |....| |............(| # # ------ |.............|### ## |.............-# ----------+---- Khor the Bachelor Experience level: 8 Strength: 17 Dexterity: 14 Constitution: 12 Intelligence: 9 Wisdom: 14 Charisma: 18 Health: 0(61) Energy: 56(56) Def: 7 Gold: 2509 Moves: 9250 Dungeon seed: ZO7XHK4RnURt7EAg Game ID: Khor_1434001329 Your Inventory: Coins $ - 2509 gold pieces Amulets L - a cursed amulet of change Weapons a - the blessed rustproof +1 Excalibur (weapon in hand) Armor e - an uncursed +0 cloak of magic resistance (being worn) n - an uncursed +0 pair of elven boots r - an uncursed +1 dwarvish iron helm (being worn) I - an uncursed +0 pair of leather gloves (being worn) N - an uncursed +0 pair of iron shoes (being worn) Y - an uncursed +0 cloak of protection Comestibles j - 5 uncursed food rations o - an uncursed banana q - an uncursed fortune cookie v - an uncursed partly eaten lichen corpse z - an uncursed partly eaten cream pie A - an uncursed partly eaten lichen corpse U - an uncursed cram ration Z - an uncursed lembas wafer Scrolls f - an uncursed scroll of punishment s - a cursed scroll of gold detection w - an uncursed scroll of fire x - an uncursed scroll of remove curse P - an uncursed scroll of enchant weapon Q - an uncursed scroll of create monster S - 2 uncursed scrolls of blank paper W - 2 uncursed scrolls of earth Potions c - an uncursed potion of booze d - an uncursed potion of levitation g - an uncursed potion of gain ability i - a blessed potion of oil m - an uncursed potion of speed p - a cursed potion of sleeping t - a cursed potion of speed J - a potion of holy water K - a cursed potion of sickness V - an uncursed potion of water Rings y - an uncursed ring of polymorph control G - an uncursed ring of warning O - an uncursed ring of sustain ability R - an uncursed ring of teleportation Wands M - an uncursed wand of cancellation (0:3) Tools b - a cursed sack k - an uncursed lock pick u - an uncursed +0 unicorn horn E - an uncursed magic marker (0:82) T - an uncursed towel X - an uncursed magic lamp (lit) Spells known in the end: Name Level Category Fail Memory a - levitation 4 escape 100% 95% Your skills at the end: Fighting Skills two weapon combat [Basic] riding [Basic] Weapon Skills long sword [Expert] polearms [Basic] Spellcasting Skills Final Attributes: You were nominally aligned. You were fire resistant. You were cold resistant. You were poison resistant. You were level-drain resistant. You were magic-protected. You were telepathic. You had automatic searching. You could jump. You were fast. You are dead. Vanquished creatures: a ghost a giant mimic a warg 2 winter wolves a small mimic a cockatrice 3 wolves a winter wolf cub a gnome king an orc mummy a lizard a housecat 2 blue jellies a black unicorn a plains centaur a gnome mummy 2 snakes 2 apes 2 rope golems 4 bugbears 2 wood nymphs 2 orc shamans a rock piercer 2 ponies 2 fog clouds 2 yellow lights 9 gnome lords 5 gnomish wizards a red naga hatchling a black naga hatchling 3 golden naga hatchlings a guardian naga hatchling 2 gray oozes 2 elf zombies 2 baby crocodiles 6 giant ants a floating eye 2 kittens 5 dwarves 2 homunculi a kobold lord a kobold shaman 4 hill orcs a rothe 6 giant bats 5 monkeys 2 dwarf zombies 2 werejackals 3 iguanas 2 acid blobs a coyote 2 gas spores 2 large kobolds 6 hobgoblins 5 giant rats a cave spider a brown mold 3 red molds 34 gnomes 3 garter snakes 7 manes 3 geckos 5 jackals 8 foxen 3 kobolds 6 goblins 11 sewer rats 11 grid bugs 2 bats 15 lichens 4 kobold zombies 13 newts 256 creatures vanquished. Voluntary challenges: You had been an atheist until turn 3271. You used a wielded weapon 345 times, starting on turn 2. You read items or engraved 26 times, starting on turn 3750. You never genocided any monsters. You never polymorphed an object. You never changed form. You completed Sokoban on turn 7842, according to the rules. You used no wishes. You never split a pudding. You wrote Elbereth's name 11 times, starting on turn 3750. You violated your moral code, losing 10 points of alignment, starting on turn 3293. Dungeon overview: The Dungeons of Doom: levels 1 to 12 Level 1 a fountain a long staircase Level 2 a fountain Level 3 stairs to The Gnomish Mines Level 4 Level 5 many fountains Level 6 a fountain stairs to Sokoban Level 7 Level 8 a fountain Level 9 a fountain Level 10 Level 11 <- You were here a throne Level 12 a fountain The Gnomish Mines: levels 4 to 7 Level 4 (saddle) stairs to The Dungeons of Doom Level 5 Level 6 Level 7 many shops, a temple to Manannan Mac Lir, some fountains Sokoban: levels 2 to 5 Level 2 Level 3 Level 4 Level 5 stairs to The Dungeons of Doom History has recorded: On T:1 you entered the Dungeons of Doom to retrieve the Amulet of Yendor! On T:390 you advanced to experience level 2. On T:546 you reached level 2 of The Dungeons of Doom. On T:709 you reached level 3 of The Dungeons of Doom. On T:1332 you advanced to experience level 3. On T:1547 you reached level 1 of The Gnomish Mines. On T:1621 you advanced to experience level 4. On T:1889 you reached level 2 of The Gnomish Mines. On T:1964 you advanced to experience level 5. On T:2555 you reached level 3 of The Gnomish Mines. On T:2559 you advanced to experience level 6. On T:3204 you reached level 4 of The Gnomish Mines. On T:3516 you advanced to experience level 7. On T:4031 you reached level 4 of The Dungeons of Doom. On T:4462 you reached level 5 of The Dungeons of Doom. On T:4480 you reached level 6 of The Dungeons of Doom. On T:4851 you reached level 7 of The Dungeons of Doom. On T:4895 you reached level 4 of Sokoban. On T:5147 you reached level 3 of Sokoban. On T:5253 you advanced to experience level 8. On T:5980 you reached level 2 of Sokoban. On T:6273 you reached level 1 of Sokoban. On T:7842 you entered the Sokoban zoo. On T:8327 you reached level 8 of The Dungeons of Doom. On T:8451 you reached level 9 of The Dungeons of Doom. On T:8724 you reached level 10 of The Dungeons of Doom. On T:9051 you reached level 11 of The Dungeons of Doom. On T:9084 you reached level 12 of The Dungeons of Doom. Score breakdown: Gold: 2509 (11564 points) Experience: 8 levels (14739 points) Exploration: 12 levels ( 23.53%) (14071 points) Discoveries: 11 items ( 4.45%) ( 6330 points) Valuables value: (no points given unless you survive) Artifact value: 4000 (12253 points) Variety of kills: 72 monsters ( 19.00%) (13075 points) Time penalty: 9250 turns (-2263 points) Survival: died (score multiplied by 80%) Total score: 55815 Latest messages: You carefully open the chest... You trigger a trap! Suddenly you are frozen in place! The hobgoblin hits! (6x) The hobgoblin misses. The hobgoblin hits! You die... The sack is empty. The sack is empty. Final status: Fare thee well Khor the Knight, killed by a hobgoblin, while frozen by a trap... You died in The Dungeons of Doom on dungeon level 11 with 55815 points, and 2509 pieces of gold, after 9250 moves. You were level 8 with a maximum of 61 hit points when you died.